 Dungeon Crawl Stone Soup version 0.18-a0-1500-ge21c63c (webtiles) character file.

21 Gate88 the Digger (level 2, 15/15 HPs)
             Began as a Gargoyle Earth Elementalist on Mar 5, 2016.
             Quit the game on level 1 of the Dungeon.
             The game lasted 00:03:47 (1888 turns).

Gate88 the Digger (Gargoyle Earth Elementalist)     Turns: 1888, Time: 00:03:47

Health: 15/15      AC:  4    Str: 11    XL:     2   Next: 83%
Magic:  6/6        EV: 12    Int: 15    God:
Gold:   59         SH:  0    Dex: 10    Spells: 1 memorised, 6 levels left

rFire  . . .     SeeInvis .     p - -1 dagger (curse)
rCold  . . .     Gourm    .     h - +0 robe
rNeg   + . .     Faith    .     (no shield)
rPois  ∞         Spirit   .     (no helmet)
rElec  +         Dismiss  .     (no cloak)
rCorr  .         Reflect  .     (no gloves)
SustAt .         Harm     .     (no boots)
MR     .....                    (no amulet)
Stlth  ++........               (no ring)
                                (no ring)

@: not resistant to hostile enchantments, unstealthy
A: negative energy resistance 1, electricity resistance, unbreathing,
petrification resistance, rot immunity, AC +2
a: no special abilities


You were on level 1 of the Dungeon.
You were not hungry.

You visited 1 branch of the dungeon, and saw 1 of its levels.

You collected 59 gold pieces.

Inventory:

Hand Weapons
 a - a +0 dagger
 l - a +0 club
 p - a cursed -1 dagger (weapon)
Missiles
 b - 81 stones (quivered)
Armour
 h - a +0 robe (worn)
Scrolls
 g - a scroll of teleportation {unknown}
 i - 3 scrolls of amnesia {unknown}
 q - 2 scrolls of remove curse {unknown}
Potions
 e - a potion of resistance {unknown}
 j - 2 potions of curing {unknown}
 m - a potion of flight {unknown}
 o - a potion of agility {unknown}
Books
 c - a book of Geomancy

   Spells                             Type                      Level
   a - Sandblast                      Earth                        1
   b - Passwall                       Transmutation/Earth          2
   c - Stone Arrow                    Conjuration/Earth            3
   d - Petrify                        Transmutation/Earth          4
   e - Lee's Rapid Deconstruction     Earth                        5
Comestibles
 d - a bread ration
 n - a beef jerky


   Skills:
 - Level 1.5 Dodging
 - Level 2.1 Stealth
 + Level 3.0 Spellcasting
   Level 0.7 Transmutations
 - Level 3.6 Earth Magic


You had 6 spell levels left.
You knew the following spells:

 Your Spells              Type           Power        Failure   Level  Hunger
a - Sandblast             Erth           ##....       6%          1    #......


Dungeon Overview and Level Annotations

Branches:
Dungeon (1/15)

Altars:


Innate Abilities, Weirdness & Mutations

You are resistant to torment.
Your stone body is resilient (AC +2).
You are immune to poison.
You resist negative energy.
You are resistant to electric shocks.
You can survive without breathing.
You are immune to petrification.
You are immune to rotting.


Message History

It sticks to your hand!
p - a cursed -1 dagger (weapon)
You completely miss the bush.
The bush is almost destroyed.
You hit the bush but do no damage.
The bush is almost destroyed.
You hit the bush but do no damage.
The bush is almost destroyed.
You hit the bush but do no damage.
The bush is almost destroyed.
You hit the bush.
You destroy the bush!
You hit the bush but do no damage. You hit the bush but do no damage.
You hit the bush but do no damage. You hit the bush but do no damage.
You hit the bush but do no damage. You hit the bush but do no damage.
You hit the bush but do no damage.
Are you sure you want to abandon this character and quit the game? (Confirm with "yes".)

P.♣..........#####
.................#
.............###.#
.............♣♣♣.#
............♣♣...#
...........♣PP.♣##
........(..♣PPP.♣♣#
...........♣♣.P.♣P♣
...........♣..≈≈@♣
####.......♣.≈≈≈≈♣
##########.♣.P≈≈P♣
........##)♣♣P♣.♣♣
#######.##.#♣♣♣♣♣
#.##.# #.##.#
#######.##.#
........##.#


There were no monsters in sight!

Vanquished Creatures
  A dart slug (D:1)
  A giant cockroach (D:1)
  A ball python (D:1)
  2 bats (D:1)
  2 giant newts (D:1)
  6 goblins (D:1)
  4 kobolds (D:1)
  3 rats (D:1)
  A bush (D:1)
  A plant (D:1)
22 creatures vanquished.

Notes
Turn   | Place    | Note
--------------------------------------------------------------
     0 | D:1      | Gate88 the Gargoyle Earth Elementalist began the quest for the Orb.
     0 | D:1      | Reached XP level 1. HP: 10/10 MP: 3/3
   184 | D:1      | Reached XP level 2. HP: 15/15 MP: 0/5
  1888 | D:1      | Quit the game

Vault maps used:
D:1:      evilmike_arrival_hilbert_curve, serial_forest,
          infiniplex_forest_lined_ring, infiniplex_forest_corner_1,
          infiniplex_forest_lined_2, infiniplex_forest_lined_2,
          infiniplex_forest_clump_small, infiniplex_forest_pool,
          infiniplex_forest_corner_2, infiniplex_forest_straight_4,
          infiniplex_forest_straight_5

Skill      XL: |  1  2 |
---------------+-------+-----
Spellcasting   | 3 |  3.0
Dodging        | |  1.5
Stealth        | |  2.1
Transmutations | |  0.7
Earth Magic    | |  3.6

Action                   || total
-------------------------++-------
Melee: Dagger            ||   815
 Cast: Sandblast         ||    23
 Stab: Sleeping          ||     1
  Eat: Meat ration       ||     1
       Chunk             ||     1
